 Dungeon Sprint DCSS version 0.17.1-1-g73c8601 (webtiles) character file.

559 Mysteryquy the Protected (level 7, -2/69 (72) HPs)
             Began as a Minotaur Fighter on Jan 2, 2016.
             Slain by a harpy (12 damage)
             ... summoned by Kirke
             ... in the Dungeon (Sprint II: "The Violet Keep of Menkaure").
             The game lasted 00:01:30 (702 turns).

Mysteryquy the Protected (Minotaur Fighter)          Turns: 702, Time: 00:01:30

HP:   -2/69 (72)    AC:  8    Str: 22    XL:     7   Next: 9%
MP:   6/6           EV: 10    Int:  5    God:
Gold: 486           SH: 12    Dex: 10    Spells: 0 memorised, 6 levels left

rFire  . . .     SeeInvis .     a - +0 war axe
rCold  . . .     Clarity  .     b - +0 scale mail
rNeg   . . .     SustAt   .     c - +0 shield
rPois  .         Gourm    .     (helmet restricted)
rElec  .         Spirit   .     (no cloak)
rCorr  .         Warding  .     (no gloves)
rMut   .         NoTele   +     (no boots)
MR     .....                    (no amulet)
Stlth  ..........               (no ring)
                                (no ring)

@: glowing, not resistant to hostile enchantments, extremely unstealthy
A: retaliatory headbutt, horns 2
a: no special abilities


You were in the Dungeon.
You were not hungry.

You visited 1 branch You collected 486 gold pieces.

Inventory:

Hand Weapons
 a - a +0 war axe (weapon)
Armour
 b - a +0 scale mail (worn)
 c - a +0 shield (worn)
Scrolls
 k - a scroll of blinking
Potions
 d - a potion of might
 f - a potion of curing
 g - a potion of heal wounds
 h - a potion of haste
 i - 2 potions of magic
 j - a potion of berserk rage
Comestibles
 e - a bread ration


   Skills:
 + Level 10.1 Fighting
 + Level 6.8 Axes
 + Level 10.3 Armour
 + Level 3.7 Dodging
 + Level 10.2 Shields


You had 6 spell levels left.
You didn't know any spells.

Dungeon Overview and Level Annotations

Branches:
Dungeon (1/1)

Altars:

Shops:
D ?[[[(:!=}%[

Annotations:
D Kirke


Innate Abilities, Weirdness & Mutations

You reflexively headbutt those who attack you in melee.
You have a pair of horns on your head.


Message History

You block the harpy's attack. The harpy claws you.
* * * LOW HITPOINT WARNING * * *
The harpy claws you but does no damage.
You hit the harpy but do no damage. You block the harpy's attack.
The harpy claws you but does no damage.
You hit the harpy.
The harpy is lightly wounded.
The harpy barely misses you. You furiously retaliate!
You headbutt the harpy, but do no damage.
You block the harpy's attack. x2
The harpy claws you.
* * * LOW HITPOINT WARNING * * *
Unknown command.
You slash the harpy! Your headbutt misses the harpy.
The harpy is moderately wounded.
The harpy closely misses you. You block the harpy's attack.
You closely miss the harpy. You headbutt the harpy!
The harpy is moderately wounded.
The harpy claws you!
You die...

..≈## §§
########≈≈#+++#+++#
#######≈Hc.........
.....∩#≈≈H≈.#
....∩.#@≈≈≈## ###
...∩.∩#≈≈≈≈#w##ww
∩.∩.∩.#H≈### w$.
.∩.∩..#≈##.# #+#
∩.∩...#(#@.###.##
.⌠....+≈H##.'.<.+
......#≈#..###.## .
▓▓▓▓###≈##.###†##
..
H######≈≈####...##
≈≈. H ##≈≈≈#..#..#
≈≈≈§
#+#≈##.#.##≈≈≈§≈
#≈≈##'##≈≈§§≈§
##≈≈≈≈≈≈≈≈§≈≈§


You could see a harpy.

Vanquished Creatures
  Menkaure (D)
  4 necrophages (D)
  4 worker ants (D)
9 creatures vanquished.

Notes
Turn   | Place    | Note
--------------------------------------------------------------
     0 | D        | Mysteryquy the Minotaur Fighter began the quest for the Orb.
     0 | D        | Reached XP level 1. HP: 19/19 MP: 0/0
     1 | D        | Noticed a worker ant
     1 | D        | Noticed a worker ant
     2 | D        | Noticed a worker ant
     3 | D        | Noticed a worker ant
     6 | D        | Killed a worker ant
     6 | D        | Reached skill level 5 in Fighting
     6 | D        | Reached skill level 5 in Armour
     6 | D        | Reached skill level 5 in Shields
     6 | D        | Reached XP level 2. HP: 17/29 MP: 1/1
    12 | D        | Killed a worker ant
    12 | D        | Reached XP level 3. HP: 19/37 MP: 2/2
    17 | D        | Killed a worker ant
    17 | D        | Reached skill level 6 in Fighting
    22 | D        | Killed a worker ant
    22 | D        | Reached XP level 4. HP: 11/45 MP: 3/3
   259 | D        | Noticed a brain worm
   259 | D        | Noticed a brain worm
   259 | D        | Noticed a brain worm
   259 | D        | Noticed a brain worm
   263 | D        | Noticed a necrophage
   263 | D        | Noticed a necrophage
   263 | D        | Noticed a necrophage
   263 | D        | Noticed a necrophage
   272 | D        | Killed a necrophage
   272 | D        | Reached skill level 7 in Fighting
   272 | D        | Reached skill level 1 in Dodging
   272 | D        | Reached skill level 8 in Shields
   272 | D        | Reached XP level 5. HP: 43/52 MP: 4/4
   280 | D        | Killed a necrophage
   280 | D        | Reached skill level 5 in Axes
   280 | D        | Reached XP level 6. HP: 44/60 MP: 5/5
   289 | D        | Killed a necrophage
   289 | D        | Reached skill level 9 in Fighting
   292 | D        | Killed a necrophage
   304 | D        | Noticed an electric eel
   407 | D        | Noticed an electric eel
   407 | D        | Noticed an electric eel
   408 | D        | Noticed an electric eel
   408 | D        | Noticed an electric eel
   409 | D        | Noticed an electric eel
   409 | D        | Noticed an electric eel
   410 | D        | Noticed an electric eel
   412 | D        | Noticed an electric eel
   418 | D        | Found Oblis's Distillery.
   420 | D        | Found Ohavvuij's Antique Weapon Emporium.
   420 | D        | Found Tisk's Antique Armour Shoppe.
   421 | D        | Found Bine's Antique Armour Shoppe.
   421 | D        | Found Eryi's Gadget Emporium.
   422 | D        | Found Qoosimua's Antique Armour Emporium.
   422 | D        | Found Judofa's Book Shoppe.
   423 | D        | Found Omaf's Antique Armour Shoppe.
   423 | D        | Found Siluicai's Magic Scroll Emporium.
   424 | D        | Found Boxair's Jewellery Shoppe.
   424 | D        | Noticed a griffon
   425 | D        | Found Pyntotuf's Food Shoppe.
   427 | D        | Noticed Menkaure
   427 | D        | Noticed a shining eye
   436 | D        | Killed Menkaure
   436 | D        | Reached skill level 10 in Fighting
   436 | D        | Reached skill level 10 in Armour
   436 | D        | Reached skill level 10 in Shields
   436 | D        | Reached XP level 7. HP: 16/69 MP: 6/6
   687 | D        | Noticed a centaur warrior
   687 | D        | Noticed Kirke
   687 | D        | Noticed a kobold demonologist
   690 | D        | Noticed a yaktaur captain
   691 | D        | Noticed a griffon
   693 | D        | Noticed a harpy
   693 | D        | Noticed a harpy
   702 | D        | Slain by a harpy

Action                   |  1- 3 |  4- 6 |  7- 9 || total
-------------------------+-------+-------+-------++-------
Melee: War axe           |    20 |    33 |     5 ||    58
